 Seeded DCSS version 0.29.1-15-g9cfb28693d (webtiles) character file.

Game seed: 9529714651559989746 (custom seed)

26 Psyclone the Firebug (level 2, 0/15 HPs)
             Began as a Deep Elf Fire Elementalist on Sept 21, 2023.
             Slain by a jackal (2 damage)
             ... on level 1 of the Dungeon.
             The game lasted 00:01:58 (586 turns).

Psyclone the Firebug (Deep Elf Fire Elementalist)    Turns: 586, Time: 00:01:58

Health: 0/15       AC:  2    Str:  5    XL:     2   Next: 89%
Magic:  0/8        EV: 13    Int: 19    God:
Gold:   25         SH:  0    Dex: 15    Spells: 6/7 levels left

rFire   . . .      SeeInvis .   c - +2 demon blade (elec)
rCold   . . .      Faith    .   (no shield)
rNeg    . . .      Spirit   .   a - +0 robe
rPois   .          Reflect  .   (no helmet)
rElec   .          Harm     .   (no cloak)
rCorr   .          Rampage  .   (no gloves)
Will    .....                   (no boots)
Stlth   ++........              (no amulet)
HPRegen 0.05/turn               (no ring)
MPRegen 0.11/turn               (no ring)

@: no status effects
A: no striking features
a: no special abilities


You were on level 1 of the Dungeon.
You visited 1 branch of the dungeon, and saw 1 of its levels.

You collected 25 gold pieces.

Inventory:

Hand Weapons
 c - a +2 demon blade of electrocution (weapon)
Armour
 a - a +0 robe (worn)
Jewellery
 e - a ring of poison resistance
Scrolls
 d - 2 scrolls of acquirement
 f - a scroll of identify {unknown}
Potions
 b - a potion of magic
 g - a potion of degeneration {unknown}


   Skills:
 - Level 2.7 Dodging
 - Level 2.8 Stealth
 - Level 3.2 Spellcasting
 - Level 1.5 Conjurations
 + Level 3.9 Fire Magic


You had 6 spell levels left.
You knew the following spells:

 Your Spells              Type           Power      Damage    Failure   Level
a - Foxfire               Conj/Fire      52%        2x1d6     4%          1

Your spell library contained the following spells:

 Spells                   Type           Power      Damage    Failure   Level
 Scorch                   Fire           36%        2d6       4%          2
 Conjure Flame            Conj/Fire      13%        6-21      14%         3
 Sting                    Tmut/Pois      12%        1d3       16%         1
 Inner Flame              Hex/Fire       10%        N/A       21%         3
 Poisonous Vapours        Pois/Air       6%         N/A       22%         2
 Flame Wave               Conj/Fire      13%        2d6       43%         4
 Olgreb's Toxic Radiance  Pois           3%         N/A       83%         4


Dungeon Overview and Level Annotations

Branches:
Dungeon (1/15) Zot: 5409

Altars:


Message History

There is not enough space to conjure foxfire!
Your foxfire dissipates!
The foxfire hits the jackal.
The jackal is severely wounded.
The jackal misses you.
Casting: Foxfire (safe; 4% risk of failure)
Confirm with . or Enter, or press ? or * to list all spells.
You conjure some foxfire!
The foxfire hits the jackal.
The jackal is almost dead.
You now have 2/8 mp.
Casting: Foxfire (safe; 4% risk of failure)
Confirm with . or Enter, or press ? or * to list all spells.
You conjure some foxfire!
The jackal bites you.
* * * LOW HITPOINT WARNING * * *
You take 1 damage, and have 2/15 hp.
Your foxfire dissipates!
The foxfire hits the jackal.
You kill the jackal!
The jackal completely misses you.
Casting: Foxfire (safe; 4% risk of failure)
Confirm with . or Enter, or press ? or * to list all spells.
You conjure some foxfire!
The foxfire hits the jackal but does no damage.
The jackal is severely wounded.
You now have 1/8 mp.
Casting: Foxfire (safe; 4% risk of failure)
Confirm with . or Enter, or press ? or * to list all spells.
You conjure some foxfire!
The jackal barely misses you. The jackal bites you.
* * * LOW HITPOINT WARNING * * *
You take 1 damage, and have 2/15 hp.
You now have 0/8 mp.
Casting: Foxfire (safe; 4% risk of failure)
Confirm with . or Enter, or press ? or * to list all spells.
You don't have enough magic to cast this spell.
Your foxfire dissipates!
The foxfire hits the jackal.
The jackal is almost dead.
The jackal bites you but does no damage.
The jackal attacks as you move away! The jackal barely misses you.
The jackal bites you.
You die...

#.##....##....##....##....##....#
#..#.##..#.##..#.##..#.##..#....
#.#..##.#..##.#..##.#..##.#....
#.##....##)...##....##....##.#
#...##.#..##.#..##.#..##.#...##.!
#... .##..#.##..#.##..#†##hJ..(..
#.##....##....##hr..##rhJ.##=..!#
#..#.##. #.##..#h##..#.##..######
.. # .. #.@##.#J†##.#.# ##.
##....##....### . .##.#..##.#..#
. .. .##..#.##. # .##.. ## . ##
#. #.# .# # ..


You could see 2 jackals and a rat.

Vanquished Creatures
  A dart slug (D:1)
  3 bats (D:1)
  An endoplasm (D:1)
  A goblin (D:1)
  3 hobgoblins (D:1)
  2 jackals (D:1)
  3 kobolds (D:1)
  2 quokkas (D:1)
  2 ball pythons (D:1)
  A frilled lizard (D:1)
  2 rats (D:1)
21 creatures vanquished.

Vanquished Creatures (others)
  59 foxfires (D:1)
59 creatures vanquished.

Grand Total: 80 creatures vanquished

Notes
Turn   | Place    | Note
-------+----------+-------------------------------------------
     0 | D:1      | Psyclone the Deep Elf Fire Elementalist began the quest for
                  | the Orb.
     0 | D:1      | Reached XP level 1. HP: 10/10 MP: 6/6
    47 | D:1      | Reached XP level 2. HP: 14/15 MP: 0/8
   176 | D:1      | Identified 3 scrolls of acquirement
   176 | D:1      | Acquired a +2 demon blade of electrocution
   586 | D:1      | Slain by a jackal

Illustrated notes

Levels and vault maps discovered:
D:1:      minmay_arrival_four_circles, layout_basic, serial_shops,
          nicolae_shop_trees, nicolae_eternal_life, st_stairs_1,
          minmay_small_reverse_x

Action                   || total
-------------------------++-------
Melee: Demon blade       ||    15
 Cast: Foxfire           ||    42
  Use: Scroll            ||     2
Armor: Robe              ||     8
Dodge: Dodged            ||    30
